 Dungeon Crawl Stone Soup version 0.26.1-11-gd32895ea62 (webtiles) character file.

Game seed: 17492643330920710025

137 H0rd4k the Insei (level 5, -4/33 HPs)
             Began as an Octopode Transmuter on July 1, 2021.
             Slain by a gnoll
             ... wielding a +0 halberd
              (15 damage)
             ... on level 3 of the Dungeon.
             The game lasted 00:02:04 (3424 turns).

H0rd4k the Insei (Octopode Transmuter)              Turns: 3424, Time: 00:02:05

Health: -4/33      AC:  2    Str:  9    XL:     5   Next: 20%
Magic:  3/8        EV: 20    Int: 17    God:
Gold:   49         SH:  0    Dex: 17    Spells: 4/8 levels left

rFire    . . .     SeeInvis .     - Unarmed
rCold    . . .     Faith    .   (shield currently unavailable)
rNeg     . . .     Spirit   .   (helmet currently unavailable)
rPois    x         Reflect  .   (no amulet)
rElec    .         Harm     .   (no ring)
rCorr    .         Rampage  .   (no ring)
Will     .....                  (no ring)
Stlth    ++........             (no ring)
HPRegen  0.11/turn              (no ring)
MPRegen  0.11/turn              (no ring)
                                (no ring)
                                (no ring)

@: spider-form
A: tiny, almost no armour, stealthy swim, (amphibious), 8 rings, (constrict 8)
a: End Transformation


You were on level 3 of the Dungeon.
You were a venomous arachnid creature.
You visited 1 branch of the dungeon, and saw 3 of its levels.

You collected 49 gold pieces.

Inventory:

Jewellery
 k - a cursed ring of teleportation {unknown}
Scrolls
 c - 2 scrolls of teleportation {unknown}
 e - 2 scrolls of fear {unknown}
 f - 3 scrolls of identify {unknown}
 g - a scroll of remove curse {unknown}
Potions
 a - 2 potions of lignification {unknown}
 b - 3 potions of curing {unknown}
 d - a potion of degeneration {unknown}
 h - 2 potions of heal wounds {unknown}
 i - a potion of magic {unknown}
 j - a potion of ambrosia {unknown}


   Skills:
 + Level 1.3 Fighting
 + Level 2.8 Dodging
 - Level 0.1 Stealth
 + Level 4.4 Unarmed Combat
 * Level 2.4 Spellcasting
 * Level 2.5 Transmutations
 * Level 1.2 Poison Magic


You had 4 spell levels left.
You knew the following spells:

 Your Spells              Type           Power        Failure   Level
a - Beastly Appendage     Tmut           20%          19%         1
b - Spider Form           Tmut/Pois      4%           47%         3

Your spell library contained the following spells:

 Spells                   Type           Power        Failure   Level
 Wereblood                Tmut           10%          24%         2
 Ice Form                 Ice/Tmut       6%           88%         4
 Blade Hands              Tmut           5%           96%         5


Dungeon Overview and Level Annotations

Branches:
Dungeon (3/15)

Altars:


Innate Abilities, Weirdness & Mutations

You cannot wear most types of armour.
You are very stealthy in the water. (Stealth+)
((You are amphibious.))
You can wear up to eight rings at the same time.
((You can use your tentacles to constrict eight enemies at once.))
((Your skin changes colour to match your surroundings (Stealth+).))
((Your rubbery body absorbs attacks. (AC +1, EV +1)))


Message History

The gnoll barely misses you.
You bite the gnoll!
You kill the gnoll!
You hit the orc but do no damage. The gnoll completely misses you.
The orc barely misses you.
You hit the orc but do no damage.
The gnoll hits you from afar with a +0 halberd!
You completely miss the orc.
Your transformation has ended.
The orc completely misses you. The gnoll misses you.
You tentacle-slap the orc but do no damage.
You grab the orc. You squeeze the orc!
You kill the orc!
Casting: Spider Form (quite dangerous; 26% risk of failure)
Confirm with . or Enter, or press ? or * to list all spells.
The spell is quite dangerous to cast (26% risk of failure)!
Continue anyway?
You turn into a venomous arachnid creature.
The gnoll misses you. The gnoll hits you with a +0 halberd!
You die...

##### #...
#############.#######
........sg.))...†..>#
#############.###...#
....##...# ....#.
###...#...# ......
#.#.#g..# ....... #.#..g..#
.......## #.......#
........# ####..#.#
........###############.#.#


You could see a gnoll.

Vanquished Creatures
  2 gnolls (D:3)
  4 adders (D:2)
  An ooze (D:1)
  7 dart slugs
  A leopard gecko (D:3)
  5 orcs
  3 giant cockroaches
  3 goblins
  10 hobgoblins
  4 jackals (D:1)
  9 bats
  3 frilled lizards
  2 kobolds (D:1)
  5 rats
59 creatures vanquished.

Notes
Turn   | Place    | Note
-------+----------+-------------------------------------------
     0 | D:1      | H0rd4k the Octopode Transmuter began the quest for the Orb.
     0 | D:1      | Reached XP level 1. HP: 13/13 MP: 3/3
   644 | D:1      | Reached XP level 2. HP: 16/18 MP: 5/5
  1032 | D:1      | Reached XP level 3. HP: 19/23 MP: 6/6
  1046 | D:1      | Learned a level 3 spell: Spider Form
  1652 | D:1      | Reached skill level 4 in Unarmed Combat
  1989 | D:2      | Reached XP level 4. HP: 5/28 MP: 7/7
  2000 | D:2      | HP: 1/28 [bat (1)]
  2592 | D:2      | Reached skill level 1 in Poison Magic
  3409 | D:3      | Reached XP level 5. HP: 33/33 MP: 4/8
  3424 | D:3      | Slain by a gnoll

Illustrated notes

Levels and vault maps discovered:
D:1:      sevenhm_arrival_forest_fort_small_3, layout_loops_ring,
          grunt_decor_arrowhead, minmay_tromino_v4_c
D:2:      layout_basic, hangedman_abyss_or_decor_lesser_grid, minmay_door_square
D:3:      layout_basic

Skill      XL: |  1  2  3  4 |
---------------+-------------+-----
Unarmed Combat | 4 |  4.4
Poison Magic   | 1 |  1.2
Fighting       | |  1.3
Dodging        | |  2.8
Stealth        | |  0.1
Spellcasting   | |  2.4
Transmutations | |  2.5

Action                   |  1- 3 |  4- 6 || total
-------------------------+-------+-------++-------
Melee: Unarmed           |    87 |    61 ||   148
       Constrict         |    24 |    14 ||    38
       Tentacles         |    17 |     8 ||    25
       Punch             |     1 |       ||     1
 Cast: Spider Form       |       |     2 ||     2
 Stab: Sleeping          |     4 |     1 ||     5
Armor: Skin              |     9 |     4 ||    13
Dodge: Dodged            |    51 |    47 ||    98
